 Dungeon Crawl Stone Soup version 0.27-a0-1188-g73eefd5def (webtiles) character file.

Game seed: 11673106455588850474

81 leviel the Covered (level 4, -2/40 HPs)
             Began as a Hill Orc Fighter on May 22, 2021.
             Slain by a gnoll
             ... wielding a +0 spear
              (6 damage)
             ... on level 4 of the Dungeon.
             The game lasted 00:02:19 (3601 turns).

leviel the Covered (Hill Orc Fighter)               Turns: 3601, Time: 00:02:20

Health: -2/40      AC: 10    Str: 19    XL:     4   Next: 42%
Magic:  4/4        EV:  7    Int:  8    God:
Gold:   155        SH:  9    Dex: 10    Spells: 3/3 levels left

rFire    . . .     SeeInvis .   a - +0 war axe
rCold    . . .     Faith    .   c - +0 kite shield
rNeg     . . .     Spirit   .   b - +0 scale mail
rPois    .         Reflect  .   (no helmet)
rElec    .         Harm     .   (no cloak)
rCorr    .         Rampage  .   l - +2 pair of gloves
Will     .....                  (no boots)
Stlth    ..........             (no amulet)
HPRegen  0.13/turn              (no ring)
MPRegen  0.09/turn              (no ring)

@: no status effects
A: no striking features
a: no special abilities


You were on level 4 of the Dungeon.
You visited 1 branch of the dungeon, and saw 4 of its levels.

You collected 155 gold pieces.

Inventory:

Hand Weapons
 a - a +0 war axe (weapon)
Armour
 b - a +0 scale mail (worn)
 c - a +0 kite shield (worn)
 l - a +2 pair of gloves (worn)
Jewellery
 i - a ring of protection from fire
Scrolls
 e - 2 scrolls of teleportation {unknown}
 h - 3 scrolls of identify {unknown}
 k - a scroll of amnesia {unknown}
Potions
 d - 2 potions of might
 g - 2 potions of lignification
 j - 2 potions of ambrosia {unknown}


   Skills:
 + Level 4.0 Fighting
 + Level 3.6 Axes
 + Level 4.4 Armour
 + Level 0.3 Dodging
 + Level 3.7 Shields


You had 3 spell levels left.
You didn't know any spells.
Your spell library contained the following spells:

 Spells                   Type           Power      Damage    Failure   Level
 Corona                   Hex            0%         N/A       99%         1
 Ensorcelled Hibernation  Hex/Ice        0%         N/A       100%        2
 Confusing Touch          Hex            0%         N/A       100%        3
 Dazzling Flash           Conj/Hex       0%         N/A       100%        3
 Tukima's Dance           Hex            0%         N/A       100%        3


Dungeon Overview and Level Annotations

Branches:
Dungeon (4/15)
 Temple: D:4-7

Altars:
Cheibriados
Wu Jian

Annotations:
D:4 Ijyb


Message History

Ijyb hits you but does no damage. The gnoll hits you but does no damage.
You block the gnoll's attack. Ijyb hits you but does no damage.
The gnoll hits you but does no damage.
Your scale mail prevents you from hitting Ijyb.
Ijyb is lightly wounded.
The gnoll barely misses you. Ijyb hits you but does no damage.
The gnoll hits you but does no damage. You block the gnoll's attack.
You closely miss Ijyb.
Ijyb is lightly wounded.
Ijyb hits you but does no damage.
The gnoll hits you but does no damage. x2
You block Ijyb's attack. The gnoll hits you but does no damage.
You miss Ijyb.
Ijyb is lightly wounded.
You block the gnoll's attack. Ijyb barely misses you.
The gnoll hits you from afar with a +0 spear.
* * * LOW HITPOINT WARNING * * *
The gnoll hits you but does no damage.
You completely miss Ijyb.
Ijyb is lightly wounded.
Ijyb completely misses you.
The gnoll hits you from afar with a +0 spear.
* * * LOW HITPOINT WARNING * * *
The gnoll hits you from afar with a +0 spear.
* * * LOW HITPOINT WARNING * * *
Ijyb barely misses you. You block the gnoll's attack.
An iguana comes into view.
The iguana hisses angrily.
You block Ijyb's attack.
Your scale mail prevents you from hitting Ijyb.
Ijyb is lightly wounded.
The gnoll hits you but does no damage. Ijyb hits you but does no damage.
The gnoll barely misses you. The gnoll hits you but does no damage.
You miss Ijyb.
Ijyb is lightly wounded.
You block Ijyb's attack. You block the gnoll's attack.
The gnoll hits you from afar with a +0 spear.
* * * LOW HITPOINT WARNING * * *
Ijyb barely misses you.
The gnoll hits you from afar with a +0 spear.
You die...

... ... ...... .
.. . ..##.. . ..
.#..##.#.# .#
.... #.#.#
#.##l.# #.#.###.#
#..#..#.#........
#...........###(#
#.@.##.#.###
##g<.#.#.#####.##
##gg............
##...#..#######
#.(.#...##
#.#......##
#.........##
##.g....:..#.#
#..........#


You could see Ijyb, an iguana and 2 gnolls.

Vanquished Creatures
  2 gnolls (D:3)
  An adder (D:2)
  A worm (D:2)
  A dart slug (D:1)
  3 bats (D:1)
  3 endoplasms
  4 giant cockroaches
  5 goblins
  5 hobgoblins
  4 jackals (D:3)
  A quokka (D:2)
  5 ball pythons
  A frilled lizard (D:2)
  4 kobolds
  4 rats
44 creatures vanquished.

Vanquished Creatures (others)
  A plant (D:2)
1 creature vanquished.

Grand Total: 45 creatures vanquished

Notes
Turn   | Place    | Note
-------+----------+-------------------------------------------
     0 | D:1      | leviel the Hill Orc Fighter began the quest for the Orb.
     0 | D:1      | Reached XP level 1. HP: 19/19 MP: 1/1
   238 | D:1      | Reached XP level 2. HP: 27/27 MP: 2/2
   668 | D:1      | Found a faded altar of an unknown god.
  1184 | D:2      | Reached XP level 3. HP: 32/33 MP: 3/3
  2252 | D:3      | Found an ornate altar of the Wu Jian Council.
  2770 | D:3      | Reached XP level 4. HP: 36/40 MP: 4/4
  3056 | D:3      | Found a snail-covered altar of Cheibriados.
  3242 | D:4      | Noticed Ijyb
  3601 | D:4      | Slain by a gnoll

Illustrated notes

Levels and vault maps discovered:
D:1:      dpeg_arrival_round_b, layout_loops_cross, basic_ecumenical_altar
D:2:      layout_loops_cross, serial_bayou_pond_a, minivault_24
D:3:      layout_loops_corners, minitemple
D:4:      layout_basic, zin_treasury, kennysheep_mini_moat, uniq_ijyb

Skill      XL: |  1  2  3 |
---------------+----------+-----
Axes           | 3 |  3.6
Fighting       | 4 |  4.0
Armour         | 4 |  4.4
Dodging        | |  0.3
Shields        | |  3.7

Action                   |  1- 3 |  4- 6 || total
-------------------------+-------+-------++-------
Melee: War axe           |   121 |    34 ||   155
  Use: Potion            |     3 |     3 ||     6
Armor: Scale mail        |    69 |    40 ||   109
Dodge: Dodged            |    47 |    28 ||    75
Block: Kite shield       |    78 |    43 ||   121

Table legend: (Time is in decaauts)
 A = Elapsed time spent in this place.
 B = Non-inter-level travel time spent in this place.
 C = Inter-level travel time spent in this place.
 D = Time resting spent in this place.
 E = Time spent auto-exploring this place.
 F = Levels seen in this place.
 G = Mean time per level.
                   A        B        C        D        E       F      G
               +--------+--------+--------+--------+--------+-----+--------+
         Total |   3689 |   3456 |    233 |    557 |   2502 |   4 |  922.2 |
       Dungeon |   3689 |   3456 |    233 |    557 |   2502 |   4 |  922.2 |
               +--------+--------+--------+--------+--------+-----+--------+

Top non-repeatable levels by time:
     D:3: 1577 daAuts
     D:1: 1080 daAuts
     D:2: 934 daAuts
     D:4: 97 daAuts
